NYP
HUDSON VALLEY RENEGADES @ MINNESOTA (NYP) TWINS
09/06/2049
 
TOP OF THE 1ST
Hudson Valley Renegades batting - Pitching for Minnesota (NYP) Twins : LHP Ricky Lopez
Pitching: LHP Ricky Lopez
Batting: SHB Chris Lockart 0-0: Called Strike
0-1: Swinging Strike
0-2: Ball
1-2: Ground out 6-3 (Groundball, 6, EV 105.0 MPH)
Batting: RHB Wan-ling Zhu 0-0: Foul Ball, location: 2F
0-1: Ground out 5-3 (Groundball, 5L, EV 108.1 MPH)
Batting: RHB Alex Koral 0-0: Called Strike
0-1: Foul Ball, location: 2F
0-2: Strikes out looking
Top of the 1st over - 0 runs, 0 hits, 0 errors, 0 left on base; Hudson Valley 0 - Minnesota (NYP) 0
BOTTOM OF THE 1ST
Minnesota (NYP) Twins batting - Pitching for Hudson Valley Renegades : LHP Alex Viera
Pitching: LHP Alex Viera
Batting: RHB Caleb Bockmann 0-0: Ball
1-0: Ball
2-0: Called Strike
2-1: Foul Ball, location: 2F
2-2: Ball
3-2: TRIPLE (Flyball, 8RXD, EV 103.1 MPH)
Batting: RHB Fhil Mikrakin 0-0: Called Strike
0-1: Ball
1-1: Swinging Strike
1-2: Strikes out swinging
Batting: RHB Nate Matson 0-0: Called Strike
0-1: Ball
1-1: Ground out 5-3 (Groundball, 5, EV 81.2 MPH)
Batting: LHB Hector Olvera 0-0: Ball
1-0: Foul Ball, location: 2F
1-1: Called Strike
1-2: Strikes out looking
Bottom of the 1st over - 0 runs, 1 hit, 0 errors, 1 left on base; Hudson Valley 0 - Minnesota (NYP) 0
TOP OF THE 2ND
Hudson Valley Renegades batting - Pitching for Minnesota (NYP) Twins : LHP Ricky Lopez
Batting: RHB Joe Hartigan 0-0: Ball
1-0: Ball
2-0: Called Strike
2-1: Ground out 4-3 (Groundball, 4, EV 83.1 MPH)
Batting: SHB Joshua Jackson 0-0: Ball
1-0: DOUBLE (Groundball, 5L, EV 100.0 MPH)
Batting: RHB Jon Gonzales 0-0: Called Strike
0-1: Swinging Strike
0-2: Ball
1-2: Strikes out swinging
Batting: RHB Mikey Sano 0-0: Called Strike
0-1: Ball
1-1: Foul Ball, location: 2F
1-2: Strikes out swinging
Top of the 2nd over - 0 runs, 1 hit, 0 errors, 1 left on base; Hudson Valley 0 - Minnesota (NYP) 0
BOTTOM OF THE 2ND
Minnesota (NYP) Twins batting - Pitching for Hudson Valley Renegades : LHP Alex Viera
Batting: RHB Alexandre Garcia 0-0: Called Strike
0-1: SINGLE (Flyball, 89S, EV 88.8 MPH)
Batting: RHB Chris Bejarano 0-0: Swinging Strike
0-1: Ball
Alexandre Garcia steals 2nd base
1-1: Ball
2-1: Ball
3-1: Base on Balls
Batting: LHB Ben Roth 0-0: Ball
Alexandre Garcia steals 3rd base
Chris Bejarano to second
1-0: Ball
2-0: Called Strike
2-1: Called Strike
2-2: Strikes out looking
Batting: RHB Fernando Bravo 0-0: Ball
1-0: Ball
2-0: Foul Ball, location: 2F
2-1: Fly out, F8 (Flyball, 8LD, EV 91.2 MPH)
Runner from 3rd tags up, OUT at HOME! 8-2
Bottom of the 2nd over - 0 runs, 1 hit, 0 errors, 1 left on base; Hudson Valley 0 - Minnesota (NYP) 0
TOP OF THE 3RD
Hudson Valley Renegades batting - Pitching for Minnesota (NYP) Twins : LHP Ricky Lopez
Batting: LHB Dan Hunt 0-0: Foul Ball, location: 2F
0-1: Foul Ball, location: 2F
0-2: Strikes out looking
Batting: LHB Sean Boenig 0-0: Ball
1-0: Ball
2-0: Foul Ball, location: 2F
2-1: Ball
3-1: Base on Balls
Batting: SHB Chris Lockart 0-0: Called Strike
0-1: Swinging Strike
0-2: Foul Ball, location: 2F
0-2: SINGLE (Groundball, 6MD, EV 94.4 MPH)
Sean Boenig to second
Batting: RHB Wan-ling Zhu 0-0: Called Strike
0-1: Ball
Sean Boenig steals 3rd base (no throw)
1-1: SINGLE (Groundball, 25, EV 73.1 MPH) (infield hit)
Chris Lockart to second
Batting: RHB Alex Koral 0-0: Foul Ball, location: 2F
0-1: Fly out, F9 (Line Drive, 9, EV 108.8 MPH)
Batting: RHB Joe Hartigan 0-0: Ball
1-0: Called Strike
1-1: Ball
2-1: Ball
3-1: Fly out, F6 (Popup, 56, EV 70.0 MPH)
Top of the 3rd over - 0 runs, 2 hits, 0 errors, 3 left on base; Hudson Valley 0 - Minnesota (NYP) 0
BOTTOM OF THE 3RD
Minnesota (NYP) Twins batting - Pitching for Hudson Valley Renegades : LHP Alex Viera
Batting: LHB Jose Hilario 0-0: Ball
1-0: Ball
2-0: Foul Ball, location: 2F
2-1: Swinging Strike
2-2: Ball
3-2: Strikes out swinging
Batting: RHB Caleb Bockmann 0-0: Called Strike
0-1: Ball
1-1: Ball
2-1: Ball
3-1: Swinging Strike
3-2: Base on Balls
Batting: RHB Fhil Mikrakin 0-0: Ball
Caleb Bockmann is caught stealing 2nd base 2-4
1-0: Ball
2-0: Ball
3-0: Called Strike
3-1: Bunt for hit to 25 - play at first, batter safe!
Batting: RHB Nate Matson 0-0: Ball
Wild Pitch!
Fhil Mikrakin to second
1-0: Foul Ball, location: 2F
1-1: Fly out, F7 (Flyball, 7LM, EV 107.5 MPH)
Bottom of the 3rd over - 0 runs, 1 hit, 0 errors, 1 left on base; Hudson Valley 0 - Minnesota (NYP) 0
TOP OF THE 4TH
Hudson Valley Renegades batting - Pitching for Minnesota (NYP) Twins : LHP Ricky Lopez
Batting: SHB Joshua Jackson 0-0: Ground out 5-3 (Groundball, 56, EV 85.0 MPH)
Batting: RHB Jon Gonzales 0-0: Swinging Strike
0-1: Swinging Strike
0-2: Ball
1-2: Ball
2-2: Ball
3-2: Hit by Pitch
Batting: RHB Mikey Sano 0-0: Called Strike
0-1: Ball
1-1: Called Strike
1-2: Foul Ball, location: 2F
1-2: Ball
2-2: Ball
Passed Ball!
Jon Gonzales to second
3-2: Ground out 6-3 (Groundball, 6, EV 80.6 MPH)
Batting: LHB Dan Hunt 0-0: Foul Ball, location: 2F
0-1: Called Strike
0-2: Fly out, F8 (Flyball, 8RD, EV 91.2 MPH)
Top of the 4th over - 0 runs, 0 hits, 0 errors, 1 left on base; Hudson Valley 0 - Minnesota (NYP) 0
BOTTOM OF THE 4TH
Minnesota (NYP) Twins batting - Pitching for Hudson Valley Renegades : LHP Alex Viera
Batting: LHB Hector Olvera 0-0: Ball
1-0: Swinging Strike
1-1: Called Strike
1-2: Strikes out swinging
Batting: RHB Alexandre Garcia 0-0: Called Strike
0-1: Ball
1-1: Ball
2-1: Foul Ball, location: 2F
2-2: Ball
3-2: Foul Ball, location: 2F
3-2: Foul Ball, location: 2F
3-2: Foul Ball, location: 2F
3-2: Base on Balls
Batting: RHB Chris Bejarano 0-0: Ball
1-0: Ground out 4-3 (Groundball, 34, EV 103.1 MPH)
Alexandre Garcia to second
Batting: LHB Ben Roth 0-0: Foul Ball, location: 2F
0-1: Swinging Strike
0-2: Ball
1-2: Ball
2-2: Strikes out swinging
Bottom of the 4th over - 0 runs, 0 hits, 0 errors, 1 left on base; Hudson Valley 0 - Minnesota (NYP) 0
TOP OF THE 5TH
Hudson Valley Renegades batting - Pitching for Minnesota (NYP) Twins : LHP Ricky Lopez
Batting: LHB Sean Boenig 0-0: Ball
1-0: SINGLE (Flyball, 4D, EV 88.8 MPH)
Batting: SHB Chris Lockart 0-0: Ball
Wild Pitch!
Sean Boenig to second
1-0: Foul Ball, location: 2F
1-1: Called Strike
1-2: Strikes out looking
Batting: RHB Wan-ling Zhu 0-0: Called Strike
0-1: Foul Ball, location: 2F
0-2: Ball
1-2: Ball
2-2: Ball
3-2: Foul Ball, location: 2F
3-2: Foul Ball, location: 2F
3-2: Strikes out swinging
Batting: RHB Alex Koral 0-0: Ball
1-0: Called Strike
1-1: Swinging Strike
1-2: Ball
2-2: Foul Ball, location: 2F
2-2: Ground out 4-3 (Groundball, 4, EV 88.1 MPH)
Top of the 5th over - 0 runs, 1 hit, 0 errors, 1 left on base; Hudson Valley 0 - Minnesota (NYP) 0
BOTTOM OF THE 5TH
Minnesota (NYP) Twins batting - Pitching for Hudson Valley Renegades : LHP Alex Viera
Batting: RHB Fernando Bravo 0-0: Called Strike
0-1: Ball
1-1: SINGLE (Groundball, 6D, EV 93.8 MPH)
Batting: LHB Jose Hilario 0-0: Called Strike
0-1: Foul Ball, location: 2F
0-2: Ball
1-2: Strikes out swinging
Batting: RHB Caleb Bockmann 0-0: Swinging Strike
0-1: Ball
1-1: Called Strike
Fernando Bravo steals 2nd base
1-2: Foul Ball, location: 2F
1-2: Ball
2-2: Foul Ball, location: 2F
2-2: Fly out, F4 (Popup, 4, EV 64.4 MPH)
Batting: RHB Fhil Mikrakin 0-0: SINGLE (Groundball, 5S, EV 68.1 MPH) (infield hit)
Fernando Bravo to third
Batting: RHB Nate Matson 0-0: Ball
1-0: 3-RUN HOME RUN (Line Drive, 7D, EV 108.8 MPH), Distance : 410 ft
Batting: LHB Hector Olvera 0-0: Ball
1-0: Ball
2-0: Fly out, F8 (Flyball, 8LD, EV 86.2 MPH)
Bottom of the 5th over - 3 runs, 3 hits, 0 errors, 0 left on base; Hudson Valley 0 - Minnesota (NYP) 3
TOP OF THE 6TH
Hudson Valley Renegades batting - Pitching for Minnesota (NYP) Twins : LHP Ricky Lopez
Pitching: RHP Larry Muttart
Batting: RHB Joe Hartigan 0-0: Called Strike
0-1: Ball
1-1: Ground out 6-3 (Groundball, 56, EV 109.4 MPH)
Batting: SHB Joshua Jackson 0-0: Called Strike
0-1: Ground out U3 (Groundball, 3, EV 106.2 MPH)
Batting: RHB Jon Gonzales 0-0: Ball
1-0: Fly out, F8 (Flyball, 89S, EV 85.6 MPH)
Top of the 6th over - 0 runs, 0 hits, 0 errors, 0 left on base; Hudson Valley 0 - Minnesota (NYP) 3
BOTTOM OF THE 6TH
Minnesota (NYP) Twins batting - Pitching for Hudson Valley Renegades : LHP Alex Viera
Batting: RHB Alexandre Garcia 0-0: Ball
1-0: Ball
2-0: Ball
3-0: Called Strike
3-1: Foul Ball, location: 2F
3-2: Foul Ball, location: 2F
3-2: Strikes out swinging
Batting: RHB Chris Bejarano 0-0: Ball
1-0: Fly out, F7 (Flyball, 7LS, EV 92.5 MPH)
Batting: LHB Ben Roth 0-0: Foul Ball, location: 2F
0-1: Foul Ball, location: 2F
0-2: Ball
1-2: Foul Ball, location: 2F
1-2: Ground out 6-3 (Groundball, 6, EV 101.9 MPH)
Bottom of the 6th over - 0 runs, 0 hits, 0 errors, 0 left on base; Hudson Valley 0 - Minnesota (NYP) 3
TOP OF THE 7TH
Hudson Valley Renegades batting - Pitching for Minnesota (NYP) Twins : RHP Larry Muttart
Batting: RHB Mikey Sano 0-0: Swinging Strike
0-1: Foul Ball, location: 2F
0-2: Strikes out looking
Batting: LHB Dan Hunt 0-0: Called Strike
0-1: Ball
1-1: Reached via error on a dropped throw from 2B, E3 (Groundball, 4, EV 89.4 MPH)
Batting: LHB Sean Boenig 0-0: Called Strike
Dan Hunt steals 2nd base
0-1: Ball
Dan Hunt steals 3rd base
1-1: Called Strike
1-2: Foul Ball, location: 2F
1-2: Strikes out swinging
Batting: SHB Chris Lockart 0-0: Ball
1-0: Ball
Balk!
Dan Hunt scores
2-0: Called Strike
2-1: Reached on error, E3 (Groundball, 3L, EV 105.6 MPH)
Batting: RHB Wan-ling Zhu 0-0: Ball
1-0: Called Strike
1-1: Ground out 6-3 (Groundball, P, EV 90.0 MPH)
Top of the 7th over - 1 run, 0 hits, 2 errors, 1 left on base; Hudson Valley 1 - Minnesota (NYP) 3
BOTTOM OF THE 7TH
Minnesota (NYP) Twins batting - Pitching for Hudson Valley Renegades : LHP Alex Viera
Pitching: RHP Takenori Iwata
Batting: RHB Fernando Bravo 0-0: Ball
1-0: Called Strike
1-1: Swinging Strike
1-2: Strikes out swinging, 2-3 out at first.
Batting: LHB Jose Hilario 0-0: Foul Ball, location: 2F
0-1: Foul Ball, location: 2F
0-2: Ball
1-2: Ball
2-2: Ball
3-2: Strikes out looking
Batting: RHB Caleb Bockmann 0-0: Foul Ball, location: 2F
0-1: Ball
1-1: Called Strike
1-2: Ball
2-2: Fly out, F7 (Flyball, 78M, EV 84.4 MPH)
Bottom of the 7th over - 0 runs, 0 hits, 0 errors, 0 left on base; Hudson Valley 1 - Minnesota (NYP) 3
TOP OF THE 8TH
Hudson Valley Renegades batting - Pitching for Minnesota (NYP) Twins : RHP Larry Muttart
Batting: RHB Alex Koral 0-0: Called Strike
0-1: Ball
1-1: Ball
2-1: Ball
3-1: Foul Ball, location: 2F
3-2: Ground out 4-3 (Groundball, 4, EV 99.4 MPH)
Batting: RHB Joe Hartigan 0-0: Ball
1-0: Called Strike
1-1: Fly out, F8 (Line Drive, 8RM, EV 96.9 MPH)
Pitching: LHP Travis Joyal
Batting: SHB Joshua Jackson 0-0: Ball
1-0: Ball
2-0: Called Strike
2-1: Swinging Strike
2-2: Ball
3-2: Foul Ball, location: 2F
3-2: Strikes out swinging
Top of the 8th over - 0 runs, 0 hits, 0 errors, 0 left on base; Hudson Valley 1 - Minnesota (NYP) 3
BOTTOM OF THE 8TH
Minnesota (NYP) Twins batting - Pitching for Hudson Valley Renegades : RHP Takenori Iwata
Batting: RHB Fhil Mikrakin 0-0: Swinging Strike
0-1: Ball
1-1: Ball
2-1: Foul Ball, location: 2F
2-2: Fly out, F9 (Line Drive, 9, EV 93.8 MPH)
Batting: RHB Nate Matson 0-0: Called Strike
0-1: Ball
1-1: Ball
2-1: Ball
3-1: Called Strike
3-2: Strikes out swinging
Batting: LHB Hector Olvera 0-0: Ball
1-0: Called Strike
1-1: Ball
2-1: Fly out, F2 (Popup, 13S, EV 89.4 MPH)
Bottom of the 8th over - 0 runs, 0 hits, 0 errors, 0 left on base; Hudson Valley 1 - Minnesota (NYP) 3
TOP OF THE 9TH
Hudson Valley Renegades batting - Pitching for Minnesota (NYP) Twins : LHP Travis Joyal
Now at 2B: Juan Aguilar
Batting: RHB Jon Gonzales 0-0: Called Strike
0-1: Swinging Strike
0-2: Ball
1-2: Strikes out looking
Batting: RHB Mikey Sano 0-0: Ball
1-0: Ball
2-0: Ball
3-0: Called Strike
3-1: Swinging Strike
3-2: Foul Ball, location: 2F
3-2: Strikes out swinging
Pinch Hitting: RHB Octavio Cuevas 0-0: Ball
1-0: DOUBLE (Line Drive, 9LS, EV 90.6 MPH)
Pinch Hitting: RHB Devin Brown 0-0: Fly out, F7 (Line Drive, 78M, EV 87.5 MPH)
Top of the 9th over - 0 runs, 1 hit, 0 errors, 1 left on base; Hudson Valley 1 - Minnesota (NYP) 3
Sunday, July 16th , 2023 - OOTP Baseball 24.6 Build 69